 Dungeon Crawl Stone Soup version 0.29.0-10-g45618ea6d2 (webtiles) character file.

Game seed: 11404741559029201176

87 greasedhog the Trooper (level 4, 0/30 HPs)
             Began as a Gargoyle Berserker on Sept 1, 2022.
             Was a Follower of Trog.
             Slain by an orc priest
             ... wielding a +0 dagger
              (1 damage)
             ... on level 3 of the Dungeon.
             The game lasted 00:02:36 (2812 turns).

greasedhog the Trooper (Gargoyle Berserker)         Turns: 2812, Time: 00:02:36

Health: 0/30       AC:  7    Str: 22    XL:     4   Next: 51%
Magic:  4/4        EV: 11    Int:  8    God:    Trog [*.....]
Gold:   83         SH:  0    Dex:  9    Spells: 3/3 levels left

rFire   . . .      SeeInvis .   a - +0 mace
rCold   . . .      Faith    .   (no shield)
rNeg    + + .      Spirit   .   l - +0 leather armour
rPois   ∞          Reflect  .   (no helmet)
rElec   +          Harm     .   (no cloak)
rCorr   .          Rampage  .   j - +0 pair of gloves
Will    .....                   (no boots)
Stlth   +.........              (no amulet)
HPRegen 0.10/turn               b - ring of positive energy
MPRegen 0.09/turn               (no ring)

@: on berserk cooldown, slowed, very slow
A: sickness immunity, AC +3, negative energy resistance 1, electricity
resistance, torment resistance 1, petrification resistance
a: Renounce Religion, Berserk


You were on level 3 of the Dungeon.
You worshipped Trog.
Trog was aware of your devotion.
You visited 1 branch of the dungeon, and saw 3 of its levels.

You collected 167 gold pieces.
You spent 84 gold pieces at shops.

Inventory:

Hand Weapons
 a - a +0 mace (weapon)
Armour
 j - a +0 pair of gloves (worn)
 l - a +0 leather armour (worn)
Jewellery
 b - a ring of positive energy (left hand)
Scrolls
 c - 3 scrolls of fear {unknown}
 e - 2 scrolls of teleportation
 f - a scroll of fog
 g - a scroll of enchant armour
 k - a scroll of silence {unknown}
Potions
 h - a potion of curing {unknown}


   Skills:
 * Level 4.6 Fighting
 * Level 4.2 Maces & Flails
 - Level 2.1 Armour
 - Level 1.5 Dodging


You had 3 spell levels left.
You didn't know any spells.
Your spell library was empty.

Dungeon Overview and Level Annotations

Branches:
Dungeon (3/15)

Altars:

Shops:
D:1 ?   D:3 !


Innate Abilities, Weirdness & Mutations

You are immune to sickness and miasma.
Your stone body is resilient. (AC +3)
You are immune to poison.
You resist negative energy. (rN+)
You are resistant to electric shocks. (rElec)
You are resistant to unholy torment.
You are immune to petrification.


Message History

The orc priest hits you with a +0 dagger.
The orc barely misses you. x2; Something hits you but does no damage.
The orc priest hits you but does no damage.
You bump into the rock wall.
You feel less confused. Something hits you but does no damage.
The orc priest hits you but does no damage.
The orc hits you but does no damage.
You closely miss the orc priest.
The orc priest is heavily wounded.
You hear some strange, mumbled words.
A magic dart appears from out of thin air!
The magic dart hits you.
The orc priest hits you but does no damage.
The orc barely misses you. Something hits you. The orc misses you.
The orc priest barely misses you.
Throw: throwing net
Press: ? - help, Q - select action Shift-Dir - straight line, f - orc priest
Aim: an orc priest, wielding a +0 dagger (heavily wounded, 56% to hit)
You throw a throwing net.
The throwing net barely misses the orc priest.
Something hits you but does no damage.
The orc priest hits you but does no damage.
The orc hits you but does no damage.
You hit the orc priest but do no damage.
The orc priest is heavily wounded.
Something hits you.
The orc priest hits you but does no damage.
The orc closely misses you. Something hits you.
The orc hits you with a +0 trident. The orc priest closely misses you.
You hit the orc priest but do no damage.
The orc priest is heavily wounded.
Something hits you.
The orc priest hits you but does no damage.
The orc hits you but does no damage. The orc hits you with a +0 trident.
* * * LOW HITPOINT WARNING * * *
Something hits you.
* * * LOW HITPOINT WARNING * * *
The orc priest hits you with a +0 dagger.
You die...

#.# ####.........# ...
..............
#.########..)...... .
................... .. #.#
##.#.#<........ #.# #.# #.#
#.....#### #.# #.# #.#
#...).....
#####.#####o####.#.#...######
.......♣...o@......#.#..
#..P)♣.#{####.#.......
#♣P..P♣#.####.###.#####
#.P_...#........#..
#...P♣.######.#.# #..♣♣.##
#...#.# #..# ## #.###.# ##.#
#...#.# #.##########.#.#


You could see an orc priest and an orc.

Vanquished Creatures
  An orc priest (D:3)
  2 adders
  A dart slug (D:3)
  An orc (D:3)
  A ball python (D:2)
  4 endoplasms
  3 giant cockroaches
  4 goblins
  6 jackals (D:1)
  A quokka (D:2)
  6 bats
  3 frilled lizards
  2 kobolds
  A rat (D:1)
36 creatures vanquished.

Notes
Turn   | Place    | Note
-------+----------+-------------------------------------------
     0 | D:1      | greasedhog the Gargoyle Berserker began the quest for the
                  | Orb.
     0 | D:1      | Reached XP level 1. HP: 14/14 MP: 1/1
    48 | D:1      | Found Gocuar's Magic Scroll Boutique.
   198 | D:1      | Reached XP level 2. HP: 10/19 MP: 2/2
  1347 | D:1      | Reached XP level 3. HP: 21/24 MP: 3/3
  2573 | D:3      | Found Nefiaph's Distillery.
  2616 | D:3      | Bought a potion of degeneration for 14 gold pieces
  2616 | D:3      | Bought a potion of heal wounds for 70 gold pieces
  2778 | D:3      | Found a faded altar of an unknown god.
  2791 | D:3      | Reached XP level 4. HP: 28/30 MP: 4/4
  2812 | D:3      | HP: 1/30 [something (4)]
  2812 | D:3      | Slain by an orc priest

Illustrated notes

Levels and vault maps discovered:
D:1:      sevenhm_arrival_forest_fort_small_5, layout_loops_ring, serial_shops,
          nicolae_shop_statue_plus
D:2:      layout_loops_cross
D:3:      layout_basic, ebering_ecumenical_altar_petrified, serial_shops,
          nicolae_lakefront_shop

Skill      XL: |  1  2  3 |
---------------+----------+-----
Fighting       | 4 |  4.6
Maces & Flails | 4 |  4.2
Armour         | |  2.1
Dodging        | |  1.5

Action                   |  1- 3 |  4- 6 || total
-------------------------+-------+-------++-------
Melee: Mace              |   114 |    10 ||   124
Throw: Throwing net      |       |     1 ||     1
Invok: Berserk           |     1 |     1 ||     2
  Use: Scroll            |     3 |       ||     3
       Potion            |       |     1 ||     1
Armor: Animal skin       |    40 |       ||    40
       Leather armour    |     9 |    15 ||    24
Dodge: Dodged            |    77 |    14 ||    91
